 Dungeon Crawl Stone Soup version 0.20.1-1-g8b1a95d (webtiles) character file.

434 CrashTest the Magician (level 6, -3/32 HPs)
             Began as a Deep Elf Ice Elementalist on Sept 7, 2017.
             Slain by a phantom (10 damage)
             ... on level 5 of the Dungeon.
             The game lasted 00:15:56 (4780 turns).

CrashTest the Magician (Deep Elf Ice Elementalist)  Turns: 4780, Time: 00:15:57

Health: -3/32      AC:  5    Str: 10    XL:     6   Next: 67%
Magic:  3/16       EV: 14    Int: 27    God:
Gold:   262        SH:  0    Dex: 13    Spells: 7/15 levels left

rFire    . . .     SeeInvis +   h - +1 mace (crush)
rCold    . . .     Gourm    .   (no shield)
rNeg     . . .     Faith    .   a - +0 robe
rPois    .         Spirit   .   (no helmet)
rElec    .         Reflect  .   (no cloak)
rCorr    .         Harm     .   o - +0 pair of gloves
MR       .....                  (no boots)
Stlth    ++........             (no amulet)
Regen    0.1/turn               j - ring of wizardry
MPRegen  0.2/turn               (no ring)

@: mighty, brilliant
A: molten scales 1, see invisible, blink, clumsy 1
a: Blink


You were on level 5 of the Dungeon.
You were not hungry.

You visited 1 branch of the dungeon, and saw 5 of its levels.

You collected 262 gold pieces.

Inventory:

Hand Weapons
 h - a +1 mace of crushing (weapon)
Missiles
 d - 17 poisoned needles
Armour
 a - a +0 robe (worn)
 o - a +0 pair of gloves (worn)
 q - a +0 leather armour
Jewellery
 j - a ring of wizardry (left hand)
Wands
 t - a wand of confusion (22/48)
Scrolls
 e - a scroll of amnesia
 f - a scroll of identify
 i - 3 scrolls of teleportation
 n - 2 scrolls of fog
 p - a scroll of fear
 s - a scroll of remove curse
Potions
 g - a potion of resistance
 k - a potion of brilliance
 l - a potion of might
Books
 b - a book of Frost

   Spells                             Type                      Level
   a - Freeze                         Ice                          1
   b - Throw Frost                    Conjuration/Ice              2
   c - Ozocubu's Armour               Charms/Ice                   3
   d - Throw Icicle                   Conjuration/Ice              4
   e - Summon Ice Beast               Ice/Summoning                4
Comestibles
 c - 5 bread rations
 m - 2 meat rations


   Skills:
 + Level 4.6 Dodging
 - Level 2.4 Stealth
 + Level 5.3 Spellcasting
   Level 1.1 Conjurations
 - Level 4.2 Charms
 + Level 1.5 Summonings
 + Level 5.1 Ice Magic


You had 7 spell levels left.
You knew the following spells:

 Your Spells              Type           Power        Failure   Level  Hunger
a - Freeze                Ice            ####         1%          1    None
b - Ozocubu's Armour      Chrm/Ice       #####...     1%          3    #......
c - Summon Ice Beast      Ice/Summ       #####...     2%          4    ###....


Dungeon Overview and Level Annotations

Branches:
Dungeon (5/15)
 Temple: D:4-7

Altars:

Shops:
D:5 (


Innate Abilities, Weirdness & Mutations

You are partially covered in molten scales. (AC +2)
You have supernaturally acute eyesight. (SInv)
You can translocate small distances at will.
You are clumsy. (Dex -2)


Message History

The phantom hits you but does no damage.
Your ice beast hits the phantom.
Your ice beast freezes the phantom.
The phantom resists.
You closely miss the phantom.
The phantom is severely damaged.
The phantom hits you.
* * * LOW HITPOINT WARNING * * *
Your ice beast closely misses the phantom.
The phantom blinks!
You feel clever all of a sudden.
You feel very mighty all of a sudden.
The phantom hits your ice beast but does no damage.
You eat one of the 3 meat rations.
That meat ration really hit the spot!
Your ice beast hits the phantom but does no damage.
The phantom blinks!
You hit the phantom.
The phantom is almost destroyed.
Your icy armour evaporates.
The phantom hits you!
You die...

#........#........#>..#.
###########.###..###'###(..##..#.
#(.#...#..#'###'###..########..##
#............'.......#.....##..##
#............#.......'.....#.....
#..##..##...##...##..########....
#..##..##...##..[##..##....##....
#..#....#............'.....##..##
#..'....#.......@Y...#.....##..##
#..#....#......#.W#..#.....'.....
######################.....##....
#.######.... ### #..... ##....
#####


You could see a phantom and a friendly ice beast.

Vanquished Creatures
  A crimson imp (D:5)
  A centaur skeleton (D:5)
  An orc wizard (D:3)
  3 worker ants
  A hound skeleton (D:4)
  8 adders
  2 oozes
  An adder zombie (D:5)
  A dart slug (D:1)
  4 leopard geckos
  4 orcs
  A ball python (D:4)
  A giant cockroach (D:5)
  5 hobgoblins
  7 jackals (D:3)
  5 quokkas
  8 bats
  7 frilled lizards
  4 goblins
  7 kobolds
  A quokka skeleton (D:5)
  11 rats
84 creatures vanquished.

Vanquished Creatures (collateral kills)
  2 ogres
  A jelly (D:5)
  A goblin (D:5)
  A quokka skeleton (D:4)
5 creatures vanquished.

Grand Total: 89 creatures vanquished

Notes
Turn   | Place    | Note
-------+----------+-------------------------------------------
     0 | D:1      | CrashTest the Deep Elf Ice Elementalist began the quest for the Orb.
     0 | D:1      | Reached XP level 1. HP: 10/10 MP: 6/6
   417 | D:1      | Reached XP level 2. HP: 14/15 MP: 4/8
   707 | D:2      | Found a faded altar of an unknown god.
   784 | D:1      | Reached XP level 3. HP: 11/19 MP: 3/10
   920 | D:1      | Learned a level 3 spell: Ozocubu's Armour
  1273 | D:2      | Reached skill level 1 in Charms
  1384 | D:3      | Reached XP level 4. HP: 8/24 MP: 10/12
  2099 | D:3      | Learned a level 4 spell: Summon Ice Beast
  2187 | D:3      | Reached XP level 5. HP: 27/28 MP: 3/13
  2576 | D:4      | Gained mutation: You are clumsy. (Dex -2) [potion of mutation]
  2576 | D:4      | Gained mutation: You have supernaturally acute eyesight. (SInv) [potion of mutation]
  2576 | D:4      | Gained mutation: You are partially covered in molten scales. (AC +2) [potion of mutation]
  2576 | D:4      | Gained mutation: You can translocate small distances at will. [potion of mutation]
  2793 | D:4      | Noticed an ogre
  3631 | D:4      | Killed an ogre
  3803 | D:4      | Reached XP level 6. HP: 30/32 MP: 15/15
  3824 | D:5      | Entered Level 5 of the Dungeon
  3956 | D:5      | Found Labas's Weapon Shoppe.
  3978 | D:5      | Reached skill level 5 in Spellcasting
  4102 | D:5      | Reached skill level 1 in Summonings
  4102 | D:5      | Reached skill level 5 in Ice Magic
  4149 | D:4      | HP: 1/32 [poisoned by a worker ant]
  4780 | D:5      | Slain by a phantom

Skill      XL: |  1  2  3  4  5  6 |
---------------+-------------------+-----
Dodging        | 3 4 |  4.6
Ice Magic      | 4 5 |  5.1
Charms         | 1 2 4 |  4.2
Spellcasting   | 4 5 |  5.3
Summonings     | 1 |  1.5
Stealth        | |  2.4
Conjurations   | |  1.1

Action                   |  1- 3 |  4- 6 || total
-------------------------+-------+-------++-------
Melee: Whip              |     1 |       ||     1
       Unarmed           |     1 |       ||     1
       Mace              |    18 |    84 ||   102
 Cast: Freeze            |    47 |    58 ||   105
       Ozocubu's Armour  |       |     3 ||     3
       Summon Ice Beast  |       |    12 ||    12
  Use: Scroll            |     7 |     6 ||    13
       Potion            |     1 |     6 ||     7
 Stab: Sleeping          |     3 |     7 ||    10
  Eat: Chunk             |     1 |    11 ||    12
       Meat ration       |       |     1 ||     1
Armor: Robe              |    13 |    29 ||    42
Dodge: Dodged            |    49 |    91 ||   140
